 Dungeon Crawl Stone Soup version 0.15.2 (webtiles) character file.

1258 Aargh the Covered (level 8, -2/51 HPs)
             Began as a Gargoyle Fighter on Dec 24, 2014.
             Slain by an orange rat (4 damage)
             ... on Level 6 of the Dungeon.
             The game lasted 00:33:28 (4162 turns).

Aargh the Covered (Gargoyle Fighter)                Turns: 4162, Time: 00:33:29

HP  -2/51        AC 14     Str 21      XL: 8   Next: 51%
MP   8/8         EV  7     Int  8      God:
Gold 192         SH 11     Dex 11      Spells:  0 memorised,  7 levels left

rFire  + . .     SeeInvis .     B - +0 war axe
rCold  . . .     Clarity  .     b - +0 scale mail
rNeg   + . .     rCorr    .     c - +1 shield
rPois  +         rRot     +     (no helmet)
rElec  +         Spirit   .     u - +0 cloak
SustAb .         Warding  .     (no gloves)
rMut   .         Stasis   .     (no boots)
Gourm  .                        (no amulet)
MR     .....                    (no ring)
                                h - ring of protection from fire {rF+, !d}

@: not resistant to hostile enchantments, very unstealthy
A: negative energy resistance 1, electricity resistance, unbreathing,
petrification resistance, rot immunity, AC +5
a: no special abilities


You were on level 6 of the Dungeon.
You were not hungry.

You visited 1 branch of the dungeon, and saw 7 of its levels.

You collected 192 gold pieces.


Innate Abilities, Weirdness & Mutations

You are resistant to torment.
You are immune to poison.
Your stone body is very resilient (AC +5).
You resist negative energy.
You are resistant to electric shocks.
You can survive without breathing.
You are immune to petrification.
You are immune to rotting.


   Skills:
 + Level 5.8 Fighting
 + Level 4.5 Axes
 + Level 5.9 Armour
 + Level 5.0 Stealth
 + Level 5.7 Shields


You had 7 spell levels left.
You didn't know any spells.

Dungeon Overview and Level Annotations

Branches:
Dungeon (7/15)
 Temple: D:4-7

Altars:
Dithmenos
Fedhas
Nemelex Xobeh

Shops:
D:6 [

Inventory:

Hand weapons
 a - a +0 war axe
 f - a +0 mace
   (You found it on level 1 of the Dungeon)
 o - a +0 short sword
   (You took it off an orc on level 3 of the Dungeon)
 q - a +2 dagger of speed
   (You took it off a kobold on level 2 of the Dungeon)
 z - a +0 short sword
   (You took it off a kobold on level 5 of the Dungeon)
 B - a +0 war axe (weapon)
   (You took it off an orc on level 5 of the Dungeon)
 C - a +0 flail
   (You took it off an orc on level 5 of the Dungeon)
 D - a +0 halberd
   (You took it off a gnoll on level 5 of the Dungeon)
 J - a +0 shortbow
   (You took it off a centaur on level 5 of the Dungeon)
 Q - a cursed +0 shortbow
   (You took it off a centaur on level 6 of the Dungeon)
Missiles
 k - 21 poisoned needles
 r - 9 stones (quivered)
 w - 19 bolts
 G - 8 tomahawks
 K - 27 arrows
Armour
 b - a +0 scale mail (worn)
 c - a +1 shield (worn)
 u - a +0 cloak (worn)
   (You found it on level 2 of the Dungeon)
 y - a +0 chain mail
   (You took it off an orc on level 3 of the Dungeon)
 N - a +0 pair of gloves
   (You found it on level 6 of the Dungeon)
Magical devices
 i - a wand of confusion (8)
   (You took it off Ijyb on level 2 of the Dungeon)
 A - a wand of frost (5)
   (You found it on level 4 of the Dungeon)
Comestibles
 d - 3 bread rations
 p - 4 meat rations
 x - 2 fruits
 O - a chunk of rat flesh
Scrolls
 m - a scroll of fog
 s - 2 scrolls of recharging
 F - 5 scrolls of identify
 H - a scroll of amnesia
 I - a scroll of remove curse
Jewellery
 h - a ring of protection from fire (left hand) {rF+, !d}
   (You found it on level 1 of the Dungeon)
 P - an uncursed ring of magical power {unknown}
   (You found it on level 5 of the Dungeon)
Potions
 e - a potion of might
 g - a potion of restore abilities
 l - a potion of curing
 n - a potion of poison {unknown}
 t - a potion of brilliance {unknown}
 v - a potion of heal wounds {unknown}
 E - a potion of mutation {unknown}
 L - 2 potions of haste {unknown}
Miscellaneous
 j - a plain deck of changes
   (You found it on level 5 of the Dungeon)

######### ##.......#
##. #........##
##....
#.........###......
# #........#rr....#
##### .##......r@r.#
..#.##.#.##....#r###
##.#.r##.####%####
##...#.# #.%.# #
#....## #.###
###.#%#r###.#
.#.##.#.##.##
#%.##.##.#.#
####.####.##


You could see an orange rat and 4 rats.

Action                   |  1- 3 |  4- 6 |  7- 9 || total
-------------------------+-------+-------+-------++-------
Melee: War axe           |   116 |   131 |   246 ||   493
Throw: Stone             |       |       |     1 ||     1
Evoke: Wand              |       |     5 |       ||     5
  Use: Scroll            |     6 |     3 |     1 ||    10
       Potion            |     2 |       |       ||     2
  Eat: Chunk             |     1 |     2 |     5 ||     8
       Pizza             |     1 |       |       ||     1
       Beef jerky        |       |       |     1 ||     1
       Fruit             |       |       |     1 ||     1

Vault maps used:
D:1:      minmay_arrival_solitary_statue, serial_bayou, serial_bayou_lagoon_b,
          serial_bayou_shore_b, serial_bayou_lake_a, serial_bayou_pond_e,
          minmay_splitting_lines
D:2:      nicolae_overflow_hidden_temple, uniq_iyjb
D:3:      minmay_misc_feat_tower, uniq_sigmund
D:4:      first_bread, portal_sewer_entry_b
D:5:      nemelex_deck
D:6:      lemuel_ratsnest, minmay_temple_entry_nine_rooms, serial_shops,
          nicolae_shop_stone, grunt_potential, uniq_menkaure
D:7:      basic_altar, minmay_door_square, the_bakery, patterned_corridor

Notes
Turn   | Place    | Note
--------------------------------------------------------------
     0 | D:1      | Aargh, the Gargoyle Fighter, began the quest for the Orb.
     0 | D:1      | Reached XP level 1. HP: 14/14 MP: 1/1
   410 | D:1      | Reached XP level 2. HP: 19/19 MP: 2/2
   728 | D:2      | Found a shadowy altar of Dithmenos.
   729 | D:2      | Found a blossoming altar of Fedhas.
   774 | D:2      | Noticed Ijyb
   822 | D:2      | Killed Ijyb
   822 | D:2      | Reached skill level 2 in Axes
   822 | D:2      | Reached skill level 1 in Stealth
   822 | D:2      | Reached XP level 3. HP: 16/23 MP: 3/3
  1423 | D:3      | Reached XP level 4. HP: 26/29 MP: 4/4
  1504 | D:4      | Reached skill level 4 in Armour
  1549 | D:4      | Noticed an ogre
  1556 | D:4      | Killed an ogre
  1556 | D:4      | Reached skill level 4 in Fighting
  1556 | D:4      | Reached skill level 2 in Stealth
  1556 | D:4      | Reached skill level 4 in Shields
  1556 | D:4      | Reached XP level 5. HP: 33/33 MP: 5/5
  1595 | D:4      | Reached skill level 3 in Axes
  1595 | D:4      | Reached XP level 6. HP: 24/39 MP: 6/6
  1632 | D:5      | Entered Level 5 of the Dungeon
  1645 | D:5      | HP: 9/39 [hound (4)]
  2097 | D:4      | Reached skill level 3 in Stealth
  2235 | D:5      | Reached XP level 7. HP: 26/44 MP: 7/7
  2276 | D:5      | Reached skill level 5 in Fighting
  2496 | D:5      | Found a sparkling altar of Nemelex Xobeh.
  2510 | D:5      | Reached skill level 5 in Armour
  2607 | D:5      | Reached skill level 5 in Shields
  3027 | D:6      | Found Kokk's Armour Shop.
  3130 | D:6      | Reached skill level 4 in Stealth
  3350 | D:5      | Reached skill level 4 in Axes
  3454 | D:5      | Reached XP level 8. HP: 50/50 MP: 8/8
  3893 | D:6      | Noticed Menkaure
  3903 | D:6      | Killed Menkaure
  4135 | D:6      | HP: 8/51 [green rat (5)]
  4139 | D:6      | Reached skill level 5 in Stealth
  4141 | D:6      | HP: 5/51 [orange rat (3)]
  4160 | D:6      | HP: 8/51 [orange rat (1)]
  4162 | D:6      | HP: 2/51 [orange rat (4)]
  4162 | D:6      | Slain by an orange rat

Vanquished Creatures
  Menkaure (D:6)
  A sky beast (D:5)
  An ogre (D:4)
  2 centaurs (D:5 D:6)
  A giant frog (D:6)
  3 scorpions (D:4 D:5)
  5 crimson imps (D:5)
  A giant frog zombie (D:5)
  4 hounds (D:4 D:5)
  An orc wizard (D:5)
  3 orange rats (D:6)
  A worker ant (D:5)
  Ijyb (D:2)
  4 gnolls (D:5 D:6)
  4 green rats (D:6)
  An adder (D:2)
  A giant mite (D:4)
  A worm (D:2)
  A giant gecko (D:2)
  An ooze (D:2)
  8 orcs (D:3 D:4 D:5)
  2 giant cockroaches (D:4 D:5)
  4 goblins (D:1 D:4 D:5)
  6 hobgoblins (D:1 D:3 D:4 D:5)
  7 kobolds (D:2 D:4 D:5)
  2 quokkas (D:2 D:5)
  7 bats (D:1 D:2 D:4 D:5 D:6)
  A giant gecko skeleton (D:5)
  3 giant newts (D:1 D:5)
  A giant spore (D:6)
  7 jackals (D:4 D:5)
  15 rats (D:1 D:5 D:6)
  3 ballistomycetes (D:6)
104 creatures vanquished.

Vault maps used:
D:1:      minmay_arrival_solitary_statue, serial_bayou, serial_bayou_lagoon_b,
          serial_bayou_shore_b, serial_bayou_lake_a, serial_bayou_pond_e,
          minmay_splitting_lines
D:2:      nicolae_overflow_hidden_temple, uniq_iyjb
D:3:      minmay_misc_feat_tower, uniq_sigmund
D:4:      first_bread, portal_sewer_entry_b
D:5:      nemelex_deck
D:6:      lemuel_ratsnest, minmay_temple_entry_nine_rooms, serial_shops,
          nicolae_shop_stone, grunt_potential, uniq_menkaure
D:7:      basic_altar, minmay_door_square, the_bakery, patterned_corridor

Table legend:
 A = Turns spent in this place as a percentage of turns spent in the entire game.
 B = Non-inter-level travel turns spent in this place as a percentage of non-inter-level travel turns spent in the entire game.
 C = Inter-level travel turns spent in this place as a percentage of turns spent in this place.
 D = Turns resting spent in this place as a percentage of non-inter-level travel turns spent in this place.
 E = Turns spent auto-exploring this place as a percentage of non-inter-level travel turns spent in this place.
 F = Non-inter-level travel turns spent in this place divided by the number of levels of this place that you've seen.
                   A       B       C       D       E      F
               +-------+-------+-------+-------+-------+----------------------
         Total | 100.0 | 100.0 |   0.0 |   1.3 |   5.5 | 209.3
       Dungeon | 100.0 | 100.0 |   0.0 |   1.3 |   5.5 | 209.3
               +-------+-------+-------+-------+-------+----------------------

Table legend:
 A = Kills in this place as a percentage of kills in entire the game.
 B = Kills by you in this place as a percentage of kills by you in the entire game.
 C = Kills by friends in this place as a percentage of kills by friends in the entire game.
 D = Other kills in this place as a percentage of other kills in the entire game.
 E = Experience gained in this place as a percentage of experience gained in the entire game.
 F = Experience gained in this place divided by the number of levels of this place that you have seen.
                   A       B       C       D       E      F
               +-------+-------+-------+-------+-------+----------------------
         Total | 100.0 | 100.0 |  -nan |  -nan | 100.0 | 256.9
       Dungeon | 100.0 | 100.0 |  -nan |  -nan | 100.0 | 256.9
               +-------+-------+-------+-------+-------+----------------------
